 Dungeon Crawl Stone Soup version 0.19.0-2-gae57169 (webtiles) character file.

2761 Exaltedone87 the Cleaver (level 9, -6/85 HPs)
             Began as a Green Draconian Berserker on Nov 3, 2016.
             Was a Priest of Trog.
             Splashed by Maurice's acid (15 damage)
             ... on level 8 of the Dungeon.
             The game lasted 00:26:48 (6230 turns).

Exaltedone87 the Cleaver (DrBe)                     Turns: 6230, Time: 00:26:50

Health: -6/85      AC:  4    Str: 21    XL:     9   Next: 42%
Magic:  9/9        EV: 16    Int:  8    God:    Trog [***...]
Gold:   37         SH:  0    Dex: 12    Spells: 0 memorised, 8 levels left

rFire  . . .     SeeInvis .     a - +2 hand axe
rCold  . . .     Gourm    .     (armour unavailable)
rNeg   . . .     Faith    .     (no shield)
rPois  +         Spirit   .     (helmet restricted)
rElec  .         Reflect  .     s - +2 cloak {+Inv}
rCorr  .         Harm     .     (no gloves)
MR     .....                    H - +1 pair of boots
Stlth  ++........               (no amulet)
                                (no ring)
                                (no ring)

@: exhausted, corroded, slowed, very slow
A: breathe noxious fumes, unfitting armour, blurry vision 1, poison resistance,
robust 1, wild magic 1, cold-blooded, AC +7
a: Breathe Noxious Fumes, Berserk, Trog's Hand, Burn Spellbooks, Renounce
Religion, Evoke Invisibility


You were on level 8 of the Dungeon.
You worshipped Trog.
Trog was most pleased with you.
You were very hungry.

You visited 1 branch of the dungeon, and saw 8 of its levels.
You also visited: Sewer.

You collected 37 gold pieces.

Inventory:

Hand Weapons
 a - a +2 hand axe (weapon)
 g - a +1 flail of draining
 B - a +0 war axe
Armour
 h - a +1 cloak of poison resistance
 s - a +2 cloak of invisibility (worn)
 H - a +1 pair of boots (worn)
Wands
 e - a wand of iceblast (5/15)
 f - a wand of polymorph (18/24)
 u - a wand of iceblast (5/15)
 E - a wand of random effects (28/48)
 F - a wand of disintegration (15/24)
 G - a wand of teleportation (5/9)
Scrolls
 b - a scroll of identify
 i - a scroll of fog
 j - 2 scrolls of noise
 l - 2 scrolls of blinking
 n - 6 scrolls of remove curse
 o - 3 scrolls of brand weapon {unknown}
 p - 2 scrolls of teleportation
 r - a scroll of recharging
 D - 2 scrolls of magic mapping
Potions
 k - a potion of resistance
 t - 4 potions of curing
 w - a potion of flight
 x - a potion of invisibility
 A - 4 potions of heal wounds
 C - a potion of haste
Comestibles
 d - 4 meat rations
 m - 3 fruits
 v - a bread ration
 z - 3 slices of pizza


   Skills:
 + Level 6.6 Fighting
 + Level 9.2 Axes
 * Level 7.2 Dodging
 + Level 3.3 Stealth


You had 8 spell levels left.
You didn't know any spells.

Dungeon Overview and Level Annotations

Branches:
Dungeon (8/15)             Temple (0/1) D:5
   Lair: D:8-11

Altars:
Trog

Annotations:
D:8 Maurice


Innate Abilities, Weirdness & Mutations

You can breathe blasts of noxious fumes.
Your lurid green scales are hard. (AC +7)
You cannot fit into any form of body armour.
Your system is resistant to poisons. (rPois)
You are cold-blooded and may be slowed by cold attacks.
Scrolls take you a little longer to read.
You are robust. (+10% HP)
Your spells are a little harder to cast, but a little more powerful.


Message History

You hear a zap.
A bolt of acid appears from out of thin air!
The bolt of acid misses you.
Items here: ( ))) [[ † You barely miss something.
Your tail-slap misses something.
You are no longer berserk.
You are exhausted.
You feel yourself slow down.
You hear a zap.
A bolt of acid appears from out of thin air!
The bolt of acid hits you! The acid corrodes you!
You are splashed with acid!
The acid burns!
* * * LOW HITPOINT WARNING * * *
You miss something. You tail-slap something.
You hear a zap.
A bolt of acid appears from out of thin air!
The bolt of acid hits you!
* * * LOW HITPOINT WARNING * * *
The acid corrodes you!
You are splashed with acid!
The acid burns!
You die...

#....# #.#
#....# #.#
#....# #.#
.#######.#
#. #.....#
# #.#####
..#.# #.#
......###.#
#.{@..#
#.##### #


There were no monsters in sight!

Vanquished Creatures
  The ghost of Eviona the Transmogrifier, a novice DrTm (D:5)
  Joseph (D:8)
  Psyche (D:8)
  The ghost of Yackwabbit the Slasher, an amateur DsCK of Xom (Sewer)
  Edmund (D:5)
  2 black bears
  A phantom (D:5)
  An ice beast (D:5)
  An ogre (D:8)
  Blork the orc (D:4)
  A big kobold (Sewer)
  A bullfrog (D:7)
  2 howler monkeys
  A crimson imp (D:6)
  A jelly (D:6)
  Crazy Yiuf (D:4)
  A bullfrog skeleton (D:6)
  2 orc priests (D:4)
  5 orc wizards (D:4)
  Terence (D:2)
  5 worker ants
  A worker ant zombie (D:7)
  Robin (D:2)
  3 gnolls (D:6)
  6 adders
  A howler monkey skeleton (D:4)
  A river rat (Sewer)
  2 oozes
  2 adder skeletons
  2 worms
  A dart slug (D:4)
  2 leopard geckos
  23 orcs
  4 ball pythons
  3 giant cockroaches
  8 goblins
  5 hobgoblins
  11 jackals
  3 quokkas
  9 bats
  2 frilled lizards
  12 kobolds
  9 rats
143 creatures vanquished.

Notes
Turn   | Place    | Note
-------+----------+-------------------------------------------
     0 | D:1      | Exaltedone87 the Draconian Berserker began the quest for the Orb.
     0 | D:1      | Reached XP level 1. HP: 19/19 MP: 1/1
   305 | D:1      | Reached XP level 2. HP: 26/26 MP: 2/2
  1031 | D:2      | Gained mutation: Scrolls take you a little longer to read. [potion of mutation]
  1031 | D:2      | Gained mutation: You are robust. (+10% HP) [potion of mutation]
  1031 | D:2      | Gained mutation: Your spells are a little harder to cast, but a little more powerful. [potion of mutation]
  1033 | D:2      | Noticed Terence
  1033 | D:2      | Noticed Robin
  1041 | D:2      | Killed Terence
  1041 | D:2      | Reached XP level 3. HP: 24/36 MP: 3/3
  1046 | D:2      | Killed Robin
  1602 | D:2      | Reached ** piety under Trog
  1664 | D:2      | Reached XP level 4. HP: 40/44 MP: 4/4
  1922 | D:2      | Reached skill level 1 in Stealth
  2095 | D:3      | Reached skill level 4 in Axes
  2215 | D:3      | Reached *** piety under Trog
  2287 | D:3      | Found a faded altar of an unknown god.
  2527 | D:3      | Reached XP level 5. HP: 44/50 MP: 5/5
  2663 | D:3      | Found a bloodstained altar of Trog.
  2880 | D:4      | Noticed Blork the orc
  2901 | D:4      | Reached XP level 6. HP: 19/57 MP: 6/6
  2908 | D:4      | Killed Blork the orc
  2908 | D:4      | Reached skill level 5 in Axes
  3148 | D:4      | Found a runed door.
  3152 | D:4      | Noticed Crazy Yiuf
  3164 | D:4      | Killed Crazy Yiuf
  3271 | D:4      | Reached skill level 6 in Axes
  3276 | D:4      | Your scales start taking on a lurid green colour.
  3276 | D:4      | Reached XP level 7. HP: 35/66 MP: 7/7
  3276 | D:4      | Gained mutation: Your system is resistant to poisons. (rPois) [Green Draconian growth]
  3523 | D:5      | Entered Level 5 of the Dungeon
  3763 | D:5      | Noticed Edmund
  3797 | D:5      | Killed Edmund
  3950 | D:5      | Found a staircase to the Ecumenical Temple.
  4120 | D:5      | Noticed Eviona's ghost (novice DrTm)
  4151 | D:5      | Reached skill level 5 in Dodging
  4153 | D:5      | Reached skill level 7 in Axes
  4165 | D:5      | Killed Eviona's ghost
  4165 | D:5      | Reached skill level 5 in Fighting
  4165 | D:5      | Reached XP level 8. HP: 74/74 MP: 8/8
  4330 | D:6      | Found a glowing drain.
  4343 | Sewer    | Entered a sewer
  4377 | Sewer    | Noticed Yackwabbit's ghost (amateur DsCK)
  4403 | Sewer    | Killed Yackwabbit's ghost
  4403 | Sewer    | Reached skill level 8 in Axes
  4441 | Sewer    | Found a white marble altar of Elyvilon.
  6095 | D:8      | Reached XP level 9. HP: 70/82 MP: 9/9
  6096 | D:8      | Noticed Maurice
  6166 | D:8      | Noticed Psyche
  6203 | D:8      | Noticed Joseph
  6220 | D:8      | Killed Joseph
  6220 | D:8      | Reached skill level 9 in Axes
  6227 | D:8      | Killed Psyche
  6230 | D:8      | Splashed by Maurice's acid

Skill      XL: |  1  2  3  4  5  6  7  8  9 |
---------------+----------------------------+-----
Dodging        | 3 4 5 6 7 |  7.2
Stealth        | 1 2 3 |  3.3
Axes           | 4 6 7 8 9 |  9.2
Fighting       | 4 5 6 |  6.6

Action                   |  1- 3 |  4- 6 |  7- 9 || total
-------------------------+-------+-------+-------++-------
Melee: Hand axe          |    64 |   232 |   332 ||   628
       Tailslap          |     6 |    40 |    43 ||    89
Invok: Berserk           |     1 |     2 |     3 ||     6
       Burn Spellbooks   |     1 |       |       ||     1
       Trog's Hand       |       |     4 |     5 ||     9
  Use: Scroll            |     3 |    14 |     7 ||    24
       Potion            |     3 |     3 |     4 ||    10
 Stab: Sleeping          |     1 |     2 |     2 ||     5
  Eat: Bread ration      |     1 |     3 |       ||     4
       Beef jerky        |       |       |     2 ||     2
       Meat ration       |       |       |     1 ||     1
Armor: Skin              |    39 |    74 |    87 ||   200
Dodge: Dodged            |    65 |   208 |   190 ||   463
